[Event "Titled Tuesday Blitz November 01 Early 2022"]
[White "Flis, Pawel"]
[Black "Orzech, Dominik"]
[WhiteFideId "1112864"]
[BlackFideId "1115065"]
[WhiteElo "1836"]
[BlackElo "2272"]
[Result "1-0"]
[Round "09"]
[TimeControl "180+1"]
[Date "2022.11.02"]
[WhiteClock "0:01:04"]
[BlackClock "0:00:01"]

1. e4 e6 2. d4 d5 3. Bd3 Nf6 4. e5 Nfd7 5. Nf3 c5 6. c3 Nc6 7. O-O Be7 8. Be3 Rb8 9. a4 b5 10. axb5 Na5 11. Na3 c4 12. Bc2 O-O 13. g3 Bxa3 14. bxa3 h6 15. a4 a6 16. Rb1 axb5 17. Rxb5 Rxb5 18. axb5 Qb6 19. Ba4 Bb7 20. Qa1 Ra8 21. Qb2 Nb3 22. Bxb3 Qxb5 23. Rb1 cxb3 24. Qxb3 Qxb3 25. Rxb3 Ba6 26. Ra3 Nb6 27. Nd2 Bd3 28. Rxa8+ Nxa8 29. Nb3 Nc7 30. Nc5 Be2 31. f4 Nb5 32. Bd2 Na3 33. Kf2 Bb5 34. g4 Nc4 35. Bc1 Kh7 36. f5 h5 37. fxe6 fxe6 38. Nxe6 hxg4 39. Kg3 Kg6 40. Nf4+ Kf5 41. Nxd5 1-0


[Site "https://www.chess.com"]

[Event "Titled Tuesday Blitz November 01 Early 2022"]
[White "Fudalej, Michal"]
[Black "Martinez, Shawn"]
[WhiteFideId "1118781"]
[BlackFideId "2039770"]
[WhiteElo "2088"]
[BlackElo "2174"]
[Result "1-0"]
[Round "09"]
[TimeControl "180+1"]
[Date "2022.11.02"]
[WhiteClock "0:00:54"]
[BlackClock "0:00:18"]

1. Nf3 g6 2. g3 Bg7 3. Bg2 d5 4. O-O Nf6 5. c4 O-O 6. cxd5 Nxd5 7. d4 Nb6 8. Nc3 Nc6 9. e3 h6 10. Qe2 Bg4 11. Rd1 Qc8 12. b3 Nb4 13. Bb2 c6 14. Rac1 N4d5 15. Nxd5 Nxd5 16. e4 Nc7 17. d5 cxd5 18. Bxg7 Kxg7 19. exd5 f6 20. Qxe7+ Rf7 21. Qb4 Qd8 22. Qxg4 1-0


[Site "https://www.chess.com"]

[Event "Titled Tuesday Blitz November 01 Early 2022"]
[White "Garayev, Kanan"]
[Black "Chernomordik, Pavel"]
[WhiteFideId "13406671"]
[BlackFideId "2804530"]
[WhiteElo "2244"]
[BlackElo "2217"]
[Result "1-0"]
[Round "09"]
[TimeControl "180+1"]
[Date "2022.11.02"]
[WhiteClock "0:01:30"]
[BlackClock "0:00:49"]

1. d4 g6 2. e4 Bg7 3. Nc3 d6 4. g3 h5 5. h3 Nc6 6. Nge2 e5 7. Be3 h4 8. g4 f5 9. gxf5 gxf5 10. exf5 Bxf5 11. Qd2 Qd7 12. dxe5 Nxe5 13. Nd4 c5 14. Bb5 cxd4 15. Bxd7+ Bxd7 16. O-O-O dxc3 17. Qxd6 cxb2+ 18. Kb1 O-O-O 19. Bxa7 Nc6 20. Bb6 Be5 21. Qa3 Nf6 22. Bxd8 Rxd8 23. Rhe1 Re8 24. f4 Bd4 25. Rxe8+ Bxe8 26. Rxd4 Nxd4 27. Qc3+ Bc6 28. Qxd4 Ne4 29. Kxb2 Kc7 30. f5 Nd6 31. f6 b5 32. Qxh4 Bd5 33. Qf4 Kc6 34. h4 Bf7 35. Qf3+ Bd5 36. Qf4 Kd7 37. h5 Ke6 38. h6 Nf7 39. h7 1-0


[Site "https://www.chess.com"]

[Event "Titled Tuesday Blitz November 01 Early 2022"]
[White "Garv Gaur"]
[Black "Osinovsky, Stepan"]
[WhiteFideId "45030839"]
[BlackFideId "4157354"]
[WhiteElo "1960"]
[BlackElo "2222"]
[Result "0-1"]
[Round "09"]
[TimeControl "180+1"]
[Date "2022.11.02"]
[WhiteClock "0:00:21"]
[BlackClock "0:00:08"]

1. d4 Nf6 2. Nf3 g6 3. c4 Bg7 4. g3 O-O 5. Bg2 d6 6. O-O Nbd7 7. Nc3 e5 8. e4 Re8 9. Re1 a5 10. h3 exd4 11. Nxd4 Nc5 12. Ndb5 Be6 13. Nd5 Nxd5 14. exd5 Bd7 15. Rxe8+ Bxe8 16. Nd4 Bd7 17. Be3 Qe7 18. Qc2 Re8 19. Kh2 h5 20. Rd1 h4 21. g4 Be5+ 22. Kg1 Qf6 23. Nf3 Bxb2 24. Bg5 Qc3 25. Qb1 Re2 26. Bxh4 Ba4 27. Nd4 Bxd1 28. Nxe2 Bxe2 29. Bg3 Qc1+ 30. Qxc1 Bxc1 31. Bh4 Bxc4 32. Bd8 Bxa2 33. Bxc7 Bf4 34. Bxa5 b5 35. Kf1 Bc4+ 36. Ke1 b4 37. Kd1 b3 38. Bc3 Be5 39. Bxe5 dxe5 40. Kd2 Kf8 41. Kc3 Nd3 42. Bf1 e4 43. Be2 b2 44. Kc2 Ba2 45. Bxd3 b1=Q+ 46. Kc3 Qxd3+ 47. Kb4 Qxd5 0-1


[Site "https://www.chess.com"]

[Event "Titled Tuesday Blitz November 01 Early 2022"]
[White "Goltseva, Ekaterina"]
[Black "Begunov, Konstantin"]
[WhiteFideId "24173770"]
[BlackFideId "4118510"]
[WhiteElo "2200"]
[BlackElo "2225"]
[Result "1-0"]
[Round "09"]
[TimeControl "180+1"]
[Date "2022.11.02"]
[WhiteClock "0:00:07"]
[BlackClock "0:00:07"]

1. d4 d5 2. c4 c6 3. cxd5 cxd5 4. Bf4 Nc6 5. e3 Nf6 6. Nc3 Bg4 7. f3 Bf5 8. g4 Bc8 9. Bd3 e6 10. Nge2 Bd6 11. Bxd6 Qxd6 12. Ng3 h5 13. g5 h4 14. Nge2 Nh5 15. f4 g6 16. Ng1 Ng7 17. Nf3 Bd7 18. Qe2 O-O-O 19. Rc1 Kb8 20. a3 Rc8 21. b4 Nf5 22. Kf2 a6 23. b5 axb5 24. Nxb5 Qe7 25. a4 Na5 26. Ne5 Bxb5 27. axb5 Nd6 28. b6 Rxc1 29. Rxc1 Rc8 30. Rxc8+ Nxc8 31. Qa2 Qb4 32. Nxf7 Nxb6 33. Bxg6 Nbc4 34. Ne5 Nb3 35. Bd3 Qc3 36. Qc2 Qa1 37. Bxc4 dxc4 38. Nxc4 Qh1 39. Qxb3 Qxh2+ 40. Kf3 Qh1+ 41. Kg4 h3 42. Nd6 Qg2+ 43. Kh5 Kc7 44. Qxe6 h2 45. Nb5+ Kd8 46. Qd6+ Ke8 47. Nc7+ Kf7 48. g6+ Kg8 49. Qd8+ Kg7 50. Qe7+ Kg8 51. Qf7+ Kh8 52. Qh7# 1-0


[Site "https://www.chess.com"]

[Event "Titled Tuesday Blitz November 01 Early 2022"]
[White "Goriatchkin, Jouri"]
[Black "Rios Escobar, Adan"]
[WhiteFideId "4120183"]
[BlackFideId "3403645"]
[WhiteElo "1877"]
[BlackElo "2342"]
[Result "0-1"]
[Round "09"]
[TimeControl "180+1"]
[Date "2022.11.02"]
[WhiteClock "0:00:18"]
[BlackClock "0:01:17"]

1. d4 Nf6 2. Bg5 c5 3. Bxf6 exf6 4. d5 d6 5. Nc3 g6 6. e3 Bg7 7. Bb5+ Bd7 8. a4 O-O 9. Bxd7 Nxd7 10. Nf3 f5 11. O-O Qa5 12. Qd2 a6 13. Nd1 Qxd2 14. Nxd2 b5 15. c3 Nb6 16. a5 Nxd5 17. e4 fxe4 18. Nxe4 Rad8 19. Ne3 Nxe3 20. fxe3 Rfe8 21. Ng5 Rd7 22. Rfe1 Bh6 23. h4 Bxg5 24. hxg5 Re5 25. Rad1 Rxg5 26. e4 Re5 27. Kf2 Kf8 28. Kf3 Ke7 29. g4 Ke6 30. Rh1 f6 31. Kf4 b4 32. cxb4 cxb4 33. Rd4 Rb5 34. Rhd1 h5 35. gxh5 Rxh5 36. Rd5 Rxd5 37. exd5+ Kf7 38. Rd4 Rb7 39. b3 Rb5 40. Ke4 f5+ 41. Kf4 Kf6 42. Rd1 g5+ 43. Kf3 Ke5 44. Re1+ Kxd5 45. Rd1+ Ke5 46. Re1+ Kf6 47. Re8 Rxa5 48. Rb8 Rb5 49. Rf8+ Ke5 50. Re8+ Kd4 51. Rf8 Kc3 52. Rd8 Rd5 53. Ra8 a5 54. Rg8 g4+ 0-1


[Site "https://www.chess.com"]

[Event "Titled Tuesday Blitz November 01 Early 2022"]
[White "Goroshkov, Maksym"]
[Black "Srebrnic, Marko"]
[WhiteFideId "14142716"]
[BlackFideId "14603616"]
[WhiteElo "2257"]
[BlackElo "2340"]
[Result "0-1"]
[Round "09"]
[TimeControl "180+1"]
[Date "2022.11.02"]
[WhiteClock "0:00:11"]
[BlackClock "0:00:14"]

1. e4 c5 2. d4 cxd4 3. c3 d3 4. Bxd3 Nc6 5. Nf3 Nf6 6. e5 Nd5 7. Bxh7 Nxc3 8. Nxc3 Rxh7 9. Qd3 Rh5 10. Bf4 Qb6 11. O-O e6 12. Rad1 Nb4 13. Qc4 Qc5 14. Qb3 Rf5 15. Be3 Qa5 16. a3 Nc6 17. Nb5 Nxe5 18. Nxe5 Rxe5 19. a4 Rxb5 20. axb5 d5 21. Ra1 Qb4 22. Qxb4 Bxb4 23. Bxa7 Bd7 24. b6 Bc6 25. Rac1 O-O-O 26. Rc2 Kd7 27. Rfc1 Rc8 28. h4 e5 29. g4 d4 30. Rc4 Bd2 31. Rd1 Bf4 32. b4 Bd5 33. Rc7+ Kd8 34. g5 Bf3 35. Rd3 Be2 36. Rb3 d3 37. Rbc3 Rxc7 38. bxc7+ Kc8 39. Rxd3 Bxd3 40. Bc5 Kxc7 41. Bf8 g6 42. f3 Be3+ 43. Kg2 Be2 44. Kg3 Kd7 45. Kg4 Ke6 46. Bg7 e4 47. Bf8 Bxf3+ 48. Kg3 Be2 49. Bg7 Kd5 50. Bf8 Kc4 51. h5 Bxh5 52. Be7 Bd2 53. Bd6 Bxb4 54. Bf4 Bc3 55. Kf2 Kd5 56. Ke3 Bd4+ 57. Kd2 Be5 58. Be3 Bd4 59. Bf4 e3+ 60. Bxe3 Bxe3+ 61. Kxe3 Ke5 62. Kf2 Kf5 63. Kg3 Kxg5 64. Kh3 Kf4 65. Kh4 Bf3 66. Kh3 g5 67. Kh2 g4 68. Kg1 g3 69. Kf1 Kg4 70. Kg1 Kh3 71. Kf1 Kh2 72. Ke1 g2 73. Kd2 g1=Q 74. Kc3 Bd5 75. Kb4 Qe3 76. Ka5 Qc3+ 77. Kb6 Qc6+ 78. Ka7 b5 79. Kb8 Qb7# 0-1


[Site "https://www.chess.com"]

[Event "Titled Tuesday Blitz November 01 Early 2022"]
[White "Grot, Blazej"]
[Black "Villamayor, Buenaventura"]
[WhiteFideId "21835845"]
[BlackFideId "5200393"]
[WhiteElo "1739"]
[BlackElo "2301"]
[Result "1/2-1/2"]
[Round "09"]
[TimeControl "180+1"]
[Date "2022.11.02"]
[WhiteClock "0:00:59"]
[BlackClock "0:00:20"]

1. e4 c5 2. Nf3 Nc6 3. d4 cxd4 4. Nxd4 Nf6 5. Nc3 e5 6. Ndb5 d6 7. Bg5 a6 8. Na3 b5 9. Bxf6 gxf6 10. Nd5 f5 11. c3 Be6 12. g3 Bg7 13. Bg2 Bxd5 14. Qxd5 Ne7 15. Qd2 fxe4 16. Bxe4 d5 17. Bg2 O-O 18. Nc2 Rc8 19. O-O d4 20. cxd4 exd4 21. Rad1 Qb6 22. Nb4 Rfd8 23. Nd3 Qe6 24. Rfe1 Qd7 25. Qg5 Ng6 26. h4 h6 27. Qd2 Ne7 28. Ne5 Qd6 29. Nd3 Nd5 30. Re4 Nb6 31. b3 Rc3 32. Nf4 d3 33. Nh5 Rc2 34. Qe3 Re2 35. Qxe2 dxe2 36. Rxd6 Rxd6 37. Rxe2 Rd1+ 38. Kh2 Bd4 39. Nf4 Ra1 40. Bf3 a5 41. Kg2 Bg7 42. Nd5 Nxd5 43. Bxd5 Bc3 44. Re8+ Kg7 45. Re2 Rd1 46. Bf3 Rd2 47. Rxd2 Bxd2 48. Bc6 b4 49. Bd5 Kf6 50. Kf3 h5 51. Bc4 1/2-1/2


[Site "https://www.chess.com"]

[Event "Titled Tuesday Blitz November 01 Early 2022"]
[White "Grover, Sahaj"]
[Black "Ibadov, Dashgyn"]
[WhiteFideId "5021103"]
[BlackFideId "24107514"]
[WhiteElo "2432"]
[BlackElo "2208"]
[Result "1-0"]
[Round "09"]
[TimeControl "180+1"]
[Date "2022.11.02"]
[WhiteClock "0:02:35"]
[BlackClock "0:02:24"]

1. d4 d5 2. Bf4 Nf6 3. e3 c5 4. Nf3 Nc6 5. Nbd2 Bg4 6. h3 Bh5 7. g4 Bg6 8. Bb5 e6 9. Ne5 Qb6 10. c4 Bd6 11. Nxg6 hxg6 12. Bxd6 O-O-O 13. dxc5 Qxb5 14. cxb5 1-0


[Site "https://www.chess.com"]

[Event "Titled Tuesday Blitz November 01 Early 2022"]
[White "Gurevich, Dmitry"]
[Black "Shubenkova, Veronika"]
[WhiteFideId "2000407"]
[BlackFideId "44124040"]
[WhiteElo "2506"]
[BlackElo "2027"]
[Result "1-0"]
[Round "09"]
[TimeControl "180+1"]
[Date "2022.11.02"]
[WhiteClock "0:00:08"]
[BlackClock "0:00:12"]

1. d4 d5 2. c4 e6 3. Nc3 Nf6 4. Nf3 c6 5. e3 Bd6 6. Bd3 Nbd7 7. O-O O-O 8. b3 e5 9. cxd5 Nxd5 10. Nxd5 cxd5 11. dxe5 Nxe5 12. Bb2 Bg4 13. Bxe5 Bxe5 14. Rc1 Bf6 15. h3 Bh5 16. Be2 Qa5 17. Rc2 Bg6 18. Bd3 Rac8 19. Bxg6 hxg6 20. Qd3 Rc6 21. Rxc6 bxc6 22. Rc1 Rc8 23. Rc2 Qb6 24. g4 Be7 25. Kg2 Qd8 26. Qa6 Qc7 27. Nd4 c5 28. Nb5 Qd7 29. Qxa7 Qxb5 30. Qxe7 c4 31. Qe5 Qc6 32. Qd4 Qe6 33. b4 Ra8 34. b5 Ra5 35. Rb2 f5 36. b6 Ra8 37. a4 fxg4 38. hxg4 Rf8 39. b7 Qf7 40. b8=Q Qf3+ 41. Kg1 Rxb8 42. Rxb8+ Kh7 43. Rb7 Qf8 44. a5 1-0


[Site "https://www.chess.com"]

[Event "Titled Tuesday Blitz November 01 Early 2022"]
[White "Harriott, Tyrell"]
[Black "Karas, Marek"]
[WhiteFideId "2086484"]
[BlackFideId "14928558"]
[WhiteElo "2107"]
[BlackElo "2220"]
[Result "1-0"]
[Round "09"]
[TimeControl "180+1"]
[Date "2022.11.02"]
[WhiteClock "0:02:52"]
[BlackClock "0:02:36"]

1. d4 Nf6 2. e3 g6 3. Bd3 Bg7 4. f4 c5 5. Nf3 b6 6. O-O Bb7 7. Nbd2 O-O 8. f5 cxd4 9. exd4 d6 10. Qe1 Nc6 11. Qh4 Nb4 12. fxg6 hxg6 13. Ng5 Nxd3 14. Rxf6 1-0


[Site "https://www.chess.com"]

[Event "Titled Tuesday Blitz November 01 Early 2022"]
[White "Harsh Suresh"]
[Black "Sargsyan, Anna M."]
[WhiteFideId "45018464"]
[BlackFideId "13308130"]
[WhiteElo "2180"]
[BlackElo "2284"]
[Result "1-0"]
[Round "09"]
[TimeControl "180+1"]
[Date "2022.11.01"]
[WhiteClock "0:00:14"]
[BlackClock "0:00:03"]

1. d4 d5 2. Nf3 Nf6 3. c3 c5 4. dxc5 e6 5. Be3 Ne4 6. c4 Qa5+ 7. Nbd2 dxc4 8. Qc2 Nxc5 9. Qxc4 Nc6 10. a3 Bd7 11. g3 Nb4 12. Bg2 Bb5 13. Qc3 Nbd3+ 14. exd3 Nxd3+ 15. Kd1 Bb4 16. Qxg7 O-O-O 17. Kc2 Ba4+ 18. b3 Rhg8 19. Qxf7 Bxd2 20. Nxd2 Bd7 21. Nc4 Qa6 22. Rhd1 Rgf8 23. Qxh7 Nxf2 24. Kb2 Nxd1+ 25. Rxd1 Kb8 26. Bf4+ Ka8 27. Qd3 Qb5 28. Nd6 Qxd3 29. Rxd3 Bc6 30. Bxc6 bxc6 31. Kc3 Kb8 32. h4 Ka8 33. Nc4 Rc8 34. h5 Rh8 35. h6 Rcg8 36. Rd7 Rg6 37. Ne5 Rf6 38. Nxc6 a6 39. Ra7# 1-0


[Site "https://www.chess.com"]

[Event "Titled Tuesday Blitz November 01 Early 2022"]
[White "Hoffmann, Asa"]
[Black "Tokhirjonova, Gulrukhbegim"]
[WhiteFideId "2001470"]
[BlackFideId "14203626"]
[WhiteElo "2117"]
[BlackElo "2236"]
[Result "0-1"]
[Round "09"]
[TimeControl "180+1"]
[Date "2022.11.02"]
[WhiteClock "0:00:07"]
[BlackClock "0:00:08"]

1. d4 Nf6 2. Bg5 d5 3. Nd2 c6 4. e3 Ne4 5. Nxe4 dxe4 6. c3 h6 7. Bh4 g5 8. Bg3 Bg7 9. Bc4 Nd7 10. h4 Nb6 11. Bb3 g4 12. Ne2 Bf5 13. Nf4 Qd7 14. h5 O-O 15. Qe2 a5 16. O-O-O a4 17. Bc2 Ra5 18. a3 Rc8 19. c4 e6 20. Kb1 Qe7 21. Qd2 Ra6 22. Rc1 Nxc4 23. Qb4 Qxb4 24. axb4 b5 25. Bh4 e5 26. Ne2 a3 27. b3 a2+ 28. Ka1 exd4 29. Nxd4 Nb6 30. Be7 Nd5 31. Bc5 Nc7 32. Bd1 Ne6 33. Be2 Rd8 34. Rhd1 Raa8 35. Rc2 Nxc5 36. Rxc5 Be6 37. Rxc6 Bxb3 38. Rd2 Bd5 39. Rc5 Be6 40. Bxb5 Rab8 41. Bc4 Rxb4 42. Bxe6 fxe6 43. Rxa2 Rbxd4 44. exd4 Bxd4+ 45. Kb1 Bxc5 46. Re2 Rd4 47. Kc2 Kf7 48. Kc3 Kf6 49. Ra2 Ke5 50. Ra5 Kd5 51. Ra8 Rc4+ 52. Kd2 Bxf2 53. Rh8 e3+ 54. Ke2 Rc2+ 55. Kd3 Rd2+ 56. Kc3 Be1 57. Rd8+ Ke4 58. Re8 e5 59. Re6 Rd6+ 60. Kc2 Rxe6 0-1


[Site "https://www.chess.com"]

[Event "Titled Tuesday Blitz November 01 Early 2022"]
[White "Horcajuelo Rocamora, Martin"]
[Black "Gireman, Ja"]
[WhiteFideId "24573027"]
[BlackFideId "5043794"]
[WhiteElo "2094"]
[BlackElo "2153"]
[Result "0-1"]
[Round "09"]
[TimeControl "180+1"]
[Date "2022.11.02"]
[WhiteClock "0:00:41"]
[BlackClock "0:00:36"]

1. e4 e6 2. d4 d5 3. exd5 exd5 4. Bd3 Bd6 5. Ne2 Ne7 6. O-O O-O 7. Bf4 c6 8. Qd2 Bf5 9. Nbc3 Bxd3 10. Qxd3 Ng6 11. Bg3 f5 12. Bxd6 Qxd6 13. Rae1 Nd7 14. f4 Rae8 15. Nd1 Re4 16. Nf2 Nxf4 17. Nxf4 Rxf4 18. g3 Re4 19. Nxe4 dxe4 20. Qe3 Nf6 21. c4 g6 22. Rd1 Kg7 23. a3 Qe6 24. d5 cxd5 25. cxd5 Nxd5 26. Qd4+ Nf6 27. Qxa7 Rf7 28. Qd4 Rc7 29. Rf2 Rc4 30. Qd6 Qe8 31. b3 Rc6 32. Qd4 Qe6 33. Rfd2 Qxb3 34. Rb2 Qf7 35. Rdb1 Rc7 36. Rb6 Qe7 37. Rd6 e3 38. Rdb6 e2 39. Re1 Rd7 40. Qf2 Ng4 41. Qxe2 Qc5+ 42. Kg2 Qxb6 43. h3 Qc6+ 0-1


[Site "https://www.chess.com"]

[Event "Titled Tuesday Blitz November 01 Early 2022"]
[White "Ibarra Jerez, Jose Carlos"]
[Black "Schekachikhin, Maksim"]
[WhiteFideId "2226332"]
[BlackFideId "24177830"]
[WhiteElo "2627"]
[BlackElo "2272"]
[Result "1-0"]
[Round "09"]
[TimeControl "180+1"]
[Date "2022.11.01"]
[WhiteClock "0:01:38"]
[BlackClock "0:02:26"]

1. e4 e6 2. d4 d5 3. Nd2 c5 4. exd5 Qxd5 5. Ngf3 cxd4 6. Bc4 Qd7 7. O-O Nf6 8. Nb3 Nc6 9. Qe2 a6 10. a4 Qc7 11. Rd1 Bd6 12. Nbxd4 Nxd4 13. Rxd4 Bd7 14. Bg5 O-O-O 15. Bxa6 bxa6 16. Qxa6+ Qb7 17. Qxb7+ Kxb7 18. Rxd6 Bc6 19. Rxc6 Kxc6 20. Ne5+ 1-0


[Site "https://www.chess.com"]

[Event "Titled Tuesday Blitz November 01 Early 2022"]
[White "Ismayil, Malak"]
[Black "Romero Ruscalleda, Josep"]
[WhiteFideId "13412604"]
[BlackFideId "2231859"]
[WhiteElo "1879"]
[BlackElo "2287"]
[Result "0-1"]
[Round "09"]
[TimeControl "180+1"]
[Date "2022.11.02"]
[WhiteClock "0:00:02"]
[BlackClock "0:00:19"]

1. e4 g6 2. d4 Bg7 3. Nc3 d6 4. g3 a6 5. Bg2 Nf6 6. Nge2 O-O 7. O-O Nc6 8. Bg5 h6 9. Bxf6 Bxf6 10. f4 e5 11. d5 Nd4 12. Nxd4 exd4 13. Ne2 c5 14. dxc6 bxc6 15. Nxd4 Qb6 16. c3 Qxb2 17. Qd3 Qa3 18. Nxc6 Bd7 19. Nd4 Rac8 20. Rfc1 Rc7 21. Rc2 Rfc8 22. Rac1 Ba4 23. Nb3 Bxb3 24. axb3 Qxb3 25. Qxd6 Bxc3 26. Kh1 a5 27. e5 Bxe5 28. Qxe5 Rxc2 29. Rxc2 Qb1+ 0-1


[Site "https://www.chess.com"]

[Event "Titled Tuesday Blitz November 01 Early 2022"]
[White "Jean Louis, Marckens"]
[Black "Yeletsky, Ivan"]
[WhiteFideId "11900270"]
[BlackFideId "24180327"]
[WhiteElo "2030"]
[BlackElo "2391"]
[Result "0-1"]
[Round "09"]
[TimeControl "180+1"]
[Date "2022.11.01"]
[WhiteClock "0:00:15"]
[BlackClock "0:00:13"]

1. Nf3 Nf6 2. d4 b6 3. g3 Bb7 4. Bg2 c5 5. O-O cxd4 6. Qxd4 g6 7. c4 Bg7 8. Nc3 d6 9. Qd3 O-O 10. a3 Nbd7 11. Be3 Rc8 12. Rfd1 Bxf3 13. exf3 Ne5 14. Qe2 Nxc4 15. Rac1 Nxe3 16. Qxe3 e6 17. b4 d5 18. Nb5 Qd7 19. Qe2 a5 20. bxa5 bxa5 21. Bf1 h5 22. Qe1 a4 23. Qb4 Kh7 24. Qxa4 Bh6 25. Rxc8 Rxc8 26. Qb3 h4 27. a4 Ra8 28. Ra1 Qd8 29. Nd4 Bg7 30. Ra2 Nd7 31. Nc6 Qf6 32. a5 Nc5 33. Qd1 Qc3 34. Rc2 Qb3 35. Qd2 Nd7 36. Ra2 Qxf3 37. a6 Nc5 38. a7 Ne4 39. Qe3 Qxe3 40. fxe3 Bh6 41. Ba6 Bxe3+ 42. Kg2 Rxa7 43. Nxa7 Bxa7 44. Bd3 Bc5 45. Bxe4 dxe4 46. Ra5 Bd6 47. Ra6 Be5 48. gxh4 Kg7 49. Ra5 Bf4 50. h5 gxh5 51. Rxh5 Kg6 52. Ra5 f5 53. h3 e5 54. h4 Kh5 55. Kh3 e3 56. Ra2 e4 57. Rg2 Bh6 58. Ra2 f4 59. Ra3 Kg6 60. Kg4 f3 61. h5+ Kf6 62. Ra6+ Kg7 63. Ra7+ Kf8 64. Ra8+ Ke7 65. Ra7+ Kd8 66. Ra8+ Kc7 67. Ra7+ Kb8 68. Ra1 e2 69. Rb1+ Kc7 70. Kg3 Bd2 71. Kf2 Kd6 72. Re1 Ke5 73. Ra1 Kf6 74. h6 Kg6 75. Rh1 e1=Q+ 76. Rxe1 Bxe1+ 77. Kxe1 Kxh6 78. Kf2 Kg5 79. Ke3 Kf5 80. Kf2 Kf4 81. Ke1 e3 82. Kf1 Kg3 83. Ke1 e2 84. Kd2 Kf2 85. Kd3 e1=Q 86. Kc4 Qe2+ 0-1


[Site "https://www.chess.com"]

[Event "Titled Tuesday Blitz November 01 Early 2022"]
[White "Jiganchine, Roman"]
[Black "Kirillov, Dmitry"]
[WhiteFideId "2603667"]
[BlackFideId "34180572"]
[WhiteElo "2322"]
[BlackElo "2095"]
[Result "0-1"]
[Round "09"]
[TimeControl "180+1"]
[Date "2022.11.02"]
[WhiteClock "0:01:43"]
[BlackClock "0:02:17"]

1. e4 c6 2. d4 d5 3. exd5 cxd5 4. c4 Nc6 5. Nc3 Nf6 6. Nf3 e6 7. cxd5 exd5 8. Bb5 Bg4 9. Qa4 Bd7 10. O-O Be7 11. Ne5 Rc8 12. Bxc6 bxc6 13. Qxa7 O-O 14. Qa4 Qb6 15. Bg5 Be6 16. Qb3 Qxd4 17. Bxf6 Bxf6 18. Nd7 Bxd7 0-1


[Site "https://www.chess.com"]

[Event "Titled Tuesday Blitz November 01 Early 2022"]
[White "Jobava, Baadur"]
[Black "Gharibyan, Mamikon"]
[WhiteFideId "13601520"]
[BlackFideId "13308300"]
[WhiteElo "2582"]
[BlackElo "2378"]
[Result "0-1"]
[Round "09"]
[TimeControl "180+1"]
[Date "2022.11.01"]
[WhiteClock "0:00:58"]
[BlackClock "0:00:04"]

1. e4 g6 2. d4 Bg7 3. c3 d6 4. Nf3 Nf6 5. Bd3 O-O 6. O-O Nc6 7. Nbd2 e5 8. d5 Nb8 9. a4 c6 10. c4 Na6 11. Re1 Nb4 12. Bb1 a5 13. Ra3 Nd7 14. Nf1 cxd5 15. cxd5 Nc5 16. Ne3 b6 17. Nc4 Ba6 18. Rc3 Rc8 19. Nfd2 b5 20. axb5 Bxb5 21. Na3 Bd3 22. Ndc4 Bxb1 23. Nxb1 Na2 24. Rc2 Nb3 25. Bd2 Nd4 26. Bxa5 Qh4 27. Nba3 f5 28. Rc3 Nxc3 29. bxc3 fxe4 30. g3 Qf6 31. cxd4 Qxf2+ 32. Kh1 exd4 33. Nxd6 Ra8 34. Nxe4 Qf5 35. Bb4 Rfb8 36. Bd6 Re8 37. Qd3 Qxd5 38. Qf3 Kh8 39. Nc2 d3 40. Nb4 d2 41. Rd1 Qxe4 42. Qxe4 Rxe4 43. Rxd2 Rd8 44. Nc6 Rc8 45. Ne7 Re8 46. Nd5 Re1+ 47. Kg2 R1e2+ 48. Rxe2 Rxe2+ 49. Kh3 Rd2 0-1


[Site "https://www.chess.com"]

[Event "Titled Tuesday Blitz November 01 Early 2022"]
[White "Johnson, Ben"]
[Black "Osmonbekov, Talaibek"]
[WhiteFideId "2010917"]
[BlackFideId "2017253"]
[WhiteElo "2125"]
[BlackElo "2135"]
[Result "0-1"]
[Round "09"]
[TimeControl "180+1"]
[Date "2022.11.02"]
[WhiteClock "0:00:10"]
[BlackClock "0:01:24"]

1. Nf3 f5 2. d4 Nf6 3. g3 e6 4. Bg2 Be7 5. O-O O-O 6. c4 d6 7. Nc3 a5 8. Qc2 Nc6 9. e4 e5 10. dxe5 dxe5 11. Re1 Bc5 12. Be3 Nd4 13. Nxd4 exd4 14. Rad1 dxe3 15. Rxd8 exf2+ 16. Kf1 fxe1=Q+ 17. Kxe1 Rxd8 18. e5 Re8 19. Nd5 Rxe5+ 20. Kd1 Nxd5 21. Bxd5+ Be6 22. Qc3 Re3 23. Qd2 c6 0-1


[Site "https://www.chess.com"]

[Event "Titled Tuesday Blitz November 01 Early 2022"]
[White "Kamsky, Gata"]
[Black "Dominguez Perez, Leinier"]
[WhiteFideId "2000024"]
[BlackFideId "3503240"]
[WhiteElo "2666"]
[BlackElo "2647"]
[Result "0-1"]
[Round "09"]
[TimeControl "180+1"]
[Date "2022.11.01"]
[WhiteClock "0:00:13"]
[BlackClock "0:00:12"]

1. d4 d5 2. Bf4 Nf6 3. e3 e6 4. Nf3 c5 5. c3 Bd6 6. Bb5+ Nc6 7. Bxc6+ bxc6 8. Bxd6 Qxd6 9. Nbd2 O-O 10. Qa4 cxd4 11. cxd4 c5 12. Qa3 Qa6 13. Qxa6 Bxa6 14. Nb3 cxd4 15. Nc5 Bb5 16. exd4 Rfc8 17. a4 Be8 18. b4 Ne4 19. Ne5 Rab8 20. Na6 Rb6 21. b5 f6 22. Nd3 Rc4 23. f3 Nc3 24. Ndc5 Rxd4 25. O-O Rc4 26. Rfe1 e5 27. f4 e4 28. f5 g6 29. g4 h5 30. h3 hxg4 31. hxg4 Rd6 32. Kf2 Bd7 33. fxg6 Bxg4 34. Rh1 f5 35. Rh7 Rxg6 36. Rah1 f4 37. Rh8+ Kg7 38. R1h7+ Kf6 39. Rf8+ Kg5 40. Rxa7 e3+ 41. Ke1 Rd4 0-1


[Site "https://www.chess.com"]

[Event "Titled Tuesday Blitz November 01 Early 2022"]
[White "Kanyamarala, Trisha"]
[Black "Tarasova, Viktoriya"]
[WhiteFideId "45004722"]
[BlackFideId "4175840"]
[WhiteElo "2099"]
[BlackElo "2182"]
[Result "1-0"]
[Round "09"]
[TimeControl "180+1"]
[Date "2022.11.02"]
[WhiteClock "0:00:55"]
[BlackClock "0:00:02"]

1. c4 Nf6 2. Nc3 e5 3. g3 c6 4. Nf3 e4 5. Ng5 d5 6. cxd5 cxd5 7. d4 Be7 8. Bg2 O-O 9. O-O h6 10. Nh3 Nc6 11. e3 Bg4 12. Qb3 Na5 13. Qa4 g5 14. Kh1 Rc8 15. Ng1 Rc4 16. Qc2 b5 17. a3 Bf5 18. Qe2 a6 19. Bd2 Nb3 20. Rad1 Nxd2 21. Rxd2 g4 22. h3 h5 23. Ra1 Qd7 24. h4 Rfc8 25. Qd1 a5 26. Bf1 b4 27. axb4 axb4 28. Na4 R4c6 29. Bb5 Qc7 30. Bxc6 Qxc6 31. Ne2 Bd6 32. Rc1 Qb7 33. Rxc8+ Bxc8 34. Nc5 Qb5 35. Rc2 Ba6 36. Nxa6 Qxa6 37. Nf4 Bxf4 38. gxf4 Qb5 39. Qe2 Qb6 40. Rc1 Kg7 41. Qc2 Qd8 42. Qc7 Qa8 43. Qe5 Qa6 44. Qg5+ Kh7 45. Kg2 1-0


[Site "https://www.chess.com"]

[Event "Titled Tuesday Blitz November 01 Early 2022"]
[White "Kodinets, Konstantin L."]
[Black "Storey, Charles H"]
[WhiteFideId "4122011"]
[BlackFideId "406686"]
[WhiteElo "2447"]
[BlackElo "2252"]
[Result "1-0"]
[Round "09"]
[TimeControl "180+1"]
[Date "2022.11.02"]
[WhiteClock "0:00:16"]
[BlackClock "0:00:14"]

1. d4 g6 2. e4 Bg7 3. c3 d5 4. exd5 Qxd5 5. Qb3 Nf6 6. Nf3 O-O 7. Qxd5 Nxd5 8. Bc4 Nb6 9. Bb3 Nc6 10. Bf4 e5 11. dxe5 Re8 12. O-O Nxe5 13. Nxe5 Bxe5 14. Re1 Nd7 15. Nd2 Re7 16. Nf3 Bf6 17. Bxc7 Nc5 18. Bd6 Rxe1+ 19. Rxe1 Ne6 20. Ne5 Bxe5 21. Rxe5 Bd7 22. Bd5 Bc6 23. Bxc6 bxc6 24. Be7 Rb8 25. b4 Rb7 26. Bf6 Rd7 27. g3 h6 28. h4 Kf8 29. Ra5 Ke8 30. Kg2 Rc7 31. f4 Kd7 32. f5 gxf5 33. Rxf5 Rb7 34. Ra5 Nc7 35. Be5 Nd5 36. Kf3 Ke6 37. Bd4 f5 38. a3 h5 39. Bxa7 Nxc3 40. Bd4 Nd5 41. Ra8 Rd7 42. Re8+ Kf7 43. Re5 Ne7 44. Bc5 Rd3+ 45. Ke2 Rd7 46. Bxe7 Rxe7 47. Rxe7+ Kxe7 48. Kf3 Kd6 49. Kf4 Kd5 50. Kxf5 Kc4 51. g4 hxg4 52. Kxg4 Kb3 53. h5 c5 54. bxc5 1-0


[Site "https://www.chess.com"]